 Dungeon Sprint DCSS version 0.31.0-32-g396128a36d (webtiles) character file.

Game seed: 11119541909385696095

172 Heoruswealwe the Spear-Bearer (level 5, -6/52 HPs)
             Began as a Minotaur Fighter on Apr 19, 2024.
             Was an Initiate of Gozag.
             Shot with an arrow by a centaur (9 damage)
             ... in the Dungeon (Sprint IX: "|||||||||||||||||||||||||||||").
             The game lasted 00:02:27 (177 turns).

Heoruswealwe the Spear-Bearer (Minotaur Fighter)     Turns: 177, Time: 00:02:28

Health: -6/52      AC: 16    Str: 25    XL:     5   Next: 27%
Magic:  4/4        EV:  7    Int:  5    God:    Gozag
Gold:   0          SH:  4    Dex: 10    Spells: 4/4 levels left

rFire   . . .        b - +8 whip "Snakebite" {venom, curare, rPois}
rCold   . . .        d - +0 buckler
rNeg    . . .        c - +0 plate armour
rPois   +            (helmet restricted)
rElec   .            h - +0 cloak
rCorr   .            (no gloves)
SInv    .            e - +0 pair of boots
Will    .....        (no amulet) Stlth
                     k - +3 ring of strength
HPRegen 0.28/turn    (no ring)
MPRegen 0.09/turn

%: no teleportation
@: no status effects
A: horns 2, retaliatory headbutt
a: Renounce Religion, Potion Petition, Call Merchant, Bribe Branch


You were in the Dungeon.
You worshipped Gozag.
Gozag was noncommittal.
You visited 1 branch

Inventory:

Hand Weapons
 a - a +0 trident
 b - the +8 whip "Snakebite" (weapon) {venom, curare, rPois}
   (You found it in the Dungeon)

   rPois:     It protects you from poison
Armour
 c - a +0 plate armour (worn)
 d - a +0 buckler (worn)
 e - a +0 pair of boots (worn)
 h - a +0 cloak (worn)
Jewellery
 k - a +3 ring of strength (left hand)
Wands
 m - a wand of acid (10)
Scrolls
 j - 2 scrolls of blinking
Potions
 f - a potion of heal wounds
 g - a potion of haste
 i - a potion of berserk rage
 l - 5 potions of curing
 n - a potion of might


   Skills:
 + Level 7.4 Fighting
 * Level 9.5 Polearms
 + Level 7.4 Armour
 - Level 3.6 Shields


You had 4 spell levels left.
You didn't know any spells.
Your spell library was empty.

Dungeon Overview and Level Annotations

Branches:
Dungeon (1/1)

Altars:
Cheibriados
Dithmenos
Elyvilon
Fedhas
Gozag
Hepliaklqana
Kikubaaqudgha
Makhleb
Nemelex Xobeh
Okawaru
Qazlal
Ru
Sif Muna
Trog
Uskayaw
Vehumet
Wu Jian
Xom
Yredelemnul
Zin
The Shining One
Jiyva
Lugonu


Innate Abilities, Weirdness & Mutations

You have a pair of horns on your head.
You reflexively headbutt those who attack you in melee.


Message History

You feel much better.
The centaur shoots an arrow.
Something hits you but does no damage. Something bites you but does no damage.
The centaur shoots an arrow.
The arrow hits you but does no damage.
You hit something but do no damage.
The centaur shoots an arrow.
Something hits you but does no damage. You block something's attack.
You hit something.
You hear some strange, mumbled words.
Something tries to affect you, but you resist.
The centaur shoots an arrow.
You block the arrow.
You barely miss something.
The centaur shoots an arrow.
Something draws life force from you!
You miss something.
The centaur shoots an arrow.
The arrow barely misses you. Something hits you. Something bites you.
Something draws strength from your injuries!
The centaur shoots an arrow.
The arrow hits you but does no damage.
You hit something. You headbutt something.
The centaur shoots an arrow.
The arrow hits you.
* * * LOW HITPOINT WARNING * * *
You block something's attack. Something bites you.
* * * LOW HITPOINT WARNING * * *
Something draws strength from your injuries!
The centaur shoots an arrow.
You block the arrow.
You feel much better.
The centaur shoots an arrow.
Something hits you. Something bites you but does no damage.
You miss something. Your headbutt misses something.
Something draws life force from you!!
* * * LOW HITPOINT WARNING * * *
You closely miss something.
The centaur shoots an arrow.
The arrow hits you.
* * * LOW HITPOINT WARNING * * *
Something hits you but does no damage. Something bites you but does no damage.
The centaur shoots an arrow.
The arrow hits you.
* * * LOW HITPOINT WARNING * * *
You closely miss something. Your headbutt misses something.
Something hits you but does no damage. Something bites you but does no damage.
The centaur shoots an arrow.
Something hits you but does no damage. You block something's attack.
You whack something! Your headbutt misses something.
The centaur shoots an arrow.
The arrow hits you!
You die...
Your body crumbles into a pile of gold.

▓!▓
▓?▓
▓)▓
▓[▓
▓=▓
▓.▓
▓.▓
▓.▓
▓@▓
▓{▓
▓c▓
▓T▓
▓{▓
▓Y▓
▓k▓
▓.▓


You could see a yak, a troll, a wyvern and a centaur.

Vanquished Creatures
  An ice beast (D)
  A hound (D)
  An iguana (D)
  2 adders (D)
  A ball python (D)
  A bat (D)
  A goblin (D)
  A hobgoblin (D)
  A rat (D)
10 creatures vanquished.

Notes
Turn   | Place    | Note
-------+----------+-------------------------------------------
     0 | D        | Heoruswealwe the Minotaur Fighter began the quest for the
                  | Orb.
     0 | D        | Reached XP level 1. HP: 19/19 MP: 0/0
     6 | D        | Reached skill level 3 in Polearms
    18 | D        | Noticed an ice beast
    18 | D        | Noticed an iguana
    18 | D        | Noticed a hound
    27 | D        | Killed an ice beast
    28 | D        | Reached skill level 7 in Polearms
    28 | D        | Reached XP level 2. HP: 31/31 MP: 1/1
    28 | D        | Reached XP level 3. HP: 38/38 MP: 2/2
    28 | D        | Reached XP level 4. HP: 45/45 MP: 3/3
    40 | D        | Reached skill level 8 in Polearms
    50 | D        | Reached XP level 5. HP: 36/52 MP: 4/4
    52 | D        | Reached skill level 9 in Polearms
    57 | D        | Found a snail-covered altar of Cheibriados.
    57 | D        | Found a shadowy altar of Dithmenos.
    57 | D        | Found a white marble altar of Elyvilon.
    57 | D        | Found a blossoming altar of Fedhas.
    57 | D        | Found an opulent altar of Gozag.
    58 | D        | Found a hazy altar of Hepliaklqana.
    59 | D        | Found a viscous altar of Jiyva.
    60 | D        | Found an ancient bone altar of Kikubaaqudgha.
    61 | D        | Found a corrupted altar of Lugonu.
    62 | D        | Found a burning altar of Makhleb.
    63 | D        | Found a sparkling altar of Nemelex Xobeh.
    64 | D        | Found an iron altar of Okawaru.
    65 | D        | Found a stormy altar of Qazlal.
    67 | D        | Became a worshipper of Gozag Ym Sagoz the Greedy
    69 | D        | Found a sacrificial altar of Ru.
    70 | D        | Found a shimmering blue altar of Sif Muna.
    71 | D        | Found a bloodstained altar of Trog.
    72 | D        | Found a hide-covered altar of Uskayaw.
    73 | D        | Found a radiant altar of Vehumet.
    74 | D        | Found an ornate altar of the Wu Jian Council.
    75 | D        | Found a shimmering altar of Xom.
    76 | D        | Found a basalt altar of Yredelemnul.
    77 | D        | Found a glowing silver altar of Zin.
    78 | D        | Found a glowing golden altar of the Shining One.
    86 | D        | Found the +8 whip "Snakebite" {venom, curare, rPois}
   159 | D        | Noticed a vampire
   159 | D        | Noticed a centaur
   159 | D        | Noticed a troll
   159 | D        | Noticed a wyvern
   159 | D        | Noticed a yak
   175 | D        | HP: 2/52 [centaur/arrow (2)]
   177 | D        | Shot with an arrow by a centaur

Illustrated notes

Levels and vault maps discovered:
D:        linesprint [early_d, line_temple, items_1, d_10, items_2, lair_1,
          lair_end, items_3, orc_1, orc_end, items_4, d_15, swamp_1, shoals_1,
          snake_1, spider_1, d_20, vaults_1, items_5, swamp_end, shoals_end,
          snake_end, spider_end, vaults_end, d_27, items_6, zot_1, zot_end,
          crypt_end, forest_end, elf_end, slime_end, tomb_end, abyss_end,
          pan_hell_end]

Skill      XL: |  1  2  3  4  5 |
---------------+----------------+-----
Polearms       | 7 8 9 |  9.5
Fighting       | 6 7 |  7.4
Armour         | 6 7 |  7.4
Shields        | |  3.6

Action                     |  1- 3 |  4- 6 || total
---------------------------+-------+-------++-------
  Melee: Trident           |    17 |    23 ||    40
         Headbutt          |     2 |     5 ||     7
         Whip              |       |    16 ||    16
    Use: Potion            |       |     2 ||     2
 Armour: Scale mail        |     7 |    11 ||    18
         Plate armour      |       |    32 ||    32
  Dodge: Dodged            |     8 |     9 ||    17
  Block: Buckler           |     3 |    10 ||    13
